 Dungeon Crawl Stone Soup version 0.28-a0-589-g333b8329f1 (webtiles) character file.

Game seed: 1749966185234947782

531 iamoutofideas the Cleaver (level 7, -19/60 HPs)
             Began as a Hill Orc Fighter on Oct 4, 2021.
             Was an Initiate of Gozag.
             Demolished by an ogre (28 damage)
             ... on level 5 of the Dungeon.
             The game lasted 00:03:00 (4126 turns).

iamoutofideas the Cleaver (Hill Orc Fighter)        Turns: 4126, Time: 00:03:00

Health: -19/60     AC:  7    Str: 21    XL:     7   Next: 24%
Magic:  7/7        EV: 10    Int:  8    God:    Gozag
Gold:   116        SH:  4    Dex: 10    Spells: 6/6 levels left

rFire   + . .      SeeInvis .   a - +0 war axe
rCold   . . .      Faith    .   c - +0 buckler
rNeg    . . .      Spirit   .   b - +0 scale mail
rPois   .          Reflect  .   (no helmet)
rElec   .          Harm     .   (no cloak)
rCorr   .          Rampage  .   (no gloves)
Will    .....                   (no boots)
Stlth   ..........              (no amulet)
HPRegen 0.20/turn               l - ring of protection from fire
MPRegen 0.10/turn               (no ring)

@: no status effects
A: no striking features
a: Renounce Religion, Potion Petition, Call Merchant, Bribe Branch


You were on level 5 of the Dungeon.
You worshipped Gozag.
Gozag was aware of your devotion.
You visited 1 branch of the dungeon, and saw 5 of its levels.

You collected 143 gold pieces.
You paid 27 gold pieces to Gozag.

Inventory:

Hand Weapons
 a - a +0 war axe (weapon)
Armour
 b - a +0 scale mail (worn)
 c - a +0 buckler (worn)
Jewellery
 l - a ring of protection from fire (left hand)
 m - a ring of wizardry
Scrolls
 e - a scroll of identify
 f - 2 scrolls of vulnerability {unknown}
 g - a scroll of enchant weapon
 i - 2 scrolls of amnesia {unknown}
 n - a scroll of teleportation {unknown}
 o - a scroll of noise {unknown}
Potions
 d - 3 potions of might
 h - a potion of lignification {unknown}
 j - 2 potions of brilliance {unknown}
 k - a potion of magic


   Skills:
 + Level 4.9 Fighting
 * Level 8.3 Axes
 - Level 4.0 Armour
 - Level 1.0 Dodging
 - Level 3.9 Shields


You had 6 spell levels left.
You didn't know any spells.
Your spell library contained the following spells:

 Spells                   Type           Power      Damage    Failure   Level
 Shock                    Conj/Air       0%         1d3       75%         1
 Scorch                   Fire           0%         2d5       86%         2
 Frozen Ramparts          Ice            0%         1d2       98%         3
 Ignite Poison            Fire/Tmut/Pois 0%         N/A       98%         3
 Swiftness                Air            0%         N/A       98%         3
 Airstrike                Air            0%         N/A       100%        4
 Summon Ice Beast         Ice/Summ       0%         N/A       100%        4
 Invisibility             Hex            0%         N/A       100%        6
 Maxwell's Capacitive Co  Air            0%         ∞         100%        8


Dungeon Overview and Level Annotations

Branches:
Dungeon (5/15)
 Temple: D:4-7

Altars:
Gozag

Shops:
D:4 ?


Message History

The kobold brigand is almost dead.
The kobold brigand barely misses you.
You slash the kobold brigand!
You kill the kobold brigand!
Your Axes skill increases to level 8!
You are too injured to fight recklessly!
You hit the kobold but do no damage. The kobold hits you but does no damage.
You are too injured to fight recklessly!
You barely miss the kobold. You block the kobold's attack.
The kobold barely misses you.
You are too injured to fight recklessly!
You hit the kobold.
The kobold is moderately wounded.
The kobold barely misses you.
You are too injured to fight recklessly!
You barely miss the kobold. The kobold hits you but does no damage.
You slash the kobold!
You kill the kobold!
You are too injured to fight recklessly!
You closely miss the orc. The orc barely misses you.
You slice the orc!!
You kill the orc!
You now have 116 gold pieces (gained 23).
Items here: ( )))).
An ogre comes into view. It is wielding a +0 giant club.
The ogre shouts!
Items here: ( )))).
The ogre hits you with a +0 giant club.
You slash the ogre!
The ogre is moderately wounded.
The ogre hits you with a +0 giant club!
* * * LOW HITPOINT WARNING * * *
You slash the ogre!
The ogre is almost dead.
You block the ogre's attack.
You hit the ogre.
The ogre is almost dead.
The ogre hits you with a +0 giant club!!
You die...
Your body crumbles into a pile of gold.

##.###### $
.........
........#
........# ###
........# ...
......$.##.#
......$....#
######+#O###
#.#@# #.#.#
#.#.#
###.#.####
....#....#
###+###.....#
#...........#
$
#...........#
#....<.######


You could see an ogre.

Vanquished Creatures
  An ogre (D:4)
  A phantom (D:4)
  A kobold brigand (D:5)
  An iguana (D:5)
  Natasha (twice) (D:3)
  2 hound skeletons (D:4)
  10 adders
  An ufetubus (D:4)
  A worm (D:2)
  4 dart slugs
  13 orcs
  11 ball pythons
  3 endoplasms
  6 giant cockroaches
  9 goblins
  2 hobgoblins
  2 quokkas (D:2)
  A bat (D:3)
  4 frilled lizards
  12 kobolds
  7 rats
94 creatures vanquished.

Notes
Turn   | Place    | Note
-------+----------+-------------------------------------------
     0 | D:1      | iamoutofideas the Hill Orc Fighter began the quest for the
                  | Orb.
     0 | D:1      | Reached XP level 1. HP: 19/19 MP: 1/1
   199 | D:1      | Reached XP level 2. HP: 27/27 MP: 2/2
   520 | D:1      | Reached skill level 3 in Axes
   533 | D:1      | Reached XP level 3. HP: 31/33 MP: 3/3
  1586 | D:2      | Reached XP level 4. HP: 40/40 MP: 4/4
  1784 | D:3      | Got the Grimoire of Flying Flames
  1818 | D:3      | Reached skill level 4 in Axes
  2054 | D:3      | Reached skill level 1 in Dodging
  2409 | D:3      | Found a faded altar of an unknown god.
  2481 | D:3      | Noticed Natasha
  2488 | D:3      | Killed Natasha
  2489 | D:3      | Reached XP level 5. HP: 42/46 MP: 5/5
  2648 | D:3      | Noticed Natasha
  2653 | D:3      | Killed Natasha
  2654 | D:3      | Reached skill level 5 in Axes
  2789 | D:4      | Noticed a phantom
  2800 | D:4      | Killed a phantom
  2801 | D:4      | Reached skill level 6 in Axes
  2801 | D:4      | Reached XP level 6. HP: 28/53 MP: 6/6
  3166 | D:4      | Found Fubboid's Magic Scroll Emporium.
  3228 | D:4      | Reached skill level 7 in Axes
  3441 | D:4      | Got Sif Muna's Grimoire of Enchantment and the Glacier
  3722 | D:4      | Found an opulent altar of Gozag.
  3901 | D:4      | Became a worshipper of Gozag Ym Sagoz the Greedy
  4030 | D:5      | Entered Level 5 of the Dungeon
  4094 | D:5      | Reached XP level 7. HP: 41/60 MP: 7/7
  4106 | D:5      | Reached skill level 8 in Axes
  4126 | D:5      | Demolished by an ogre

Illustrated notes

Levels and vault maps discovered:
D:1:      denvon_arrival_waterhouse, layout_rooms
D:2:      layout_loops_ring
D:3:      layout_basic, chequers_ecumenical_altar_simple, st_stairs_11,
          uniq_natasha
D:4:      layout_basic, mainiacjoe_overflow_tiny_flanked, serial_shops,
          nicolae_shop_statue_plus, st_stairs_13, grunt_ministairs_2
D:5:      layout_basic, minmay_temple_entry_wispy, portal_sewer_entry_d,
          minmay_ruined_shrine

Skill      XL: |  1  2  3  4  5  6  7 |
---------------+----------------------+-----
Axes           | 3 4 6 7 8 |  8.3
Fighting       | 4 |  4.9
Armour         | 4 |  4.0
Dodging        | 1 |  1.0
Shields        | |  3.9

Action                   |  1- 3 |  4- 6 |  7- 9 || total
-------------------------+-------+-------+-------++-------
Melee: War axe           |   112 |   168 |    17 ||   297
  Use: Potion            |       |     3 |       ||     3
       Scroll            |       |     3 |       ||     3
Armor: Scale mail        |    62 |    83 |     3 ||   148
Dodge: Dodged            |    48 |    88 |     7 ||   143
Block: Buckler           |    23 |    56 |     4 ||    83

Table legend: (Time is in decaauts)
 A = Elapsed time spent in this place.
 B = Non-inter-level travel time spent in this place.
 C = Inter-level travel time spent in this place.
 D = Time resting spent in this place.
 E = Time spent auto-exploring this place.
 F = Levels seen in this place.
 G = Mean time per level.
                   A        B        C        D        E       F      G
               +--------+--------+--------+--------+--------+-----+--------+
         Total |   4216 |   4029 |    187 |    470 |   2895 |   5 |  843.2 |
       Dungeon |   4216 |   4029 |    187 |    470 |   2895 |   5 |  843.2 |
               +--------+--------+--------+--------+--------+-----+--------+

Top non-repeatable levels by time:
     D:4: 1255 daAuts
     D:3: 1145 daAuts
     D:2: 904 daAuts
     D:1: 813 daAuts
     D:5: 97 daAuts
